 Dungeon Crawl Stone Soup version 0.28.0-62-gf88900778d (webtiles) character file.

Game seed: 14477429407105048740

6 kingofthe the Chopper (level 1, 0/23 HPs)
             Began as a Gnoll Chaos Knight on Mar 19, 2023.
             Was a Plaything of Xom.
             Slain by a chaos spawn (15 damage)
             ... summoned by Xom
             ... on level 1 of the Dungeon.
             The game lasted 00:00:58 (542 turns).

kingofthe the Chopper (Gnoll Chaos Knight)           Turns: 542, Time: 00:00:58

Health: 0/23       AC:  5    Str: 11    XL:     1   Next: 90%
Magic:  1/1        EV: 16    Int: 11    God:    Xom [......]
Gold:   17         SH:  0    Dex: 11    Spells: 0/0 levels left

rFire   . . .      SeeInvis .   a - +0 hand axe (chaos)
rCold   . . .      Faith    .   (no shield)
rNeg    . . .      Spirit   .   b - +2 leather armour
rPois   .          Reflect  .   (no helmet)
rElec   .          Harm     .   (no cloak)
rCorr   .          Rampage  .   (no gloves)
Will    .....                   (no boots)
Stlth   +.........              d - amulet of the acrobat
HPRegen 0.07/turn               (no ring)
MPRegen 0.07/turn               (no ring)

@: agile
A: fangs 1, strong nose, distributed training, MP-powered wands
a: Renounce Religion


You were on level 1 of the Dungeon.
You worshipped Xom.
You were a very special plaything of Xom.
You visited 1 branch of the dungeon, and saw 1 of its levels.

You collected 17 gold pieces.

Inventory:

Hand Weapons
 a - a +0 hand axe of chaos (weapon)
Armour
 b - a +2 leather armour (worn)
Jewellery
 d - an amulet of the acrobat (around neck)
Scrolls
 c - 2 scrolls of identify {unknown}
 f - 2 scrolls of teleportation {unknown}
Potions
 e - a potion of curing {unknown}


   Skills:
 + Level 6.4 Fighting
 + Level 0.2 Short Blades
 + Level 0.2 Long Blades
 + Level 6.4 Axes
 + Level 0.2 Maces & Flails
 + Level 0.2 Polearms
 + Level 0.2 Staves
 + Level 0.2 Slings
 + Level 0.2 Bows
 + Level 0.2 Crossbows
 + Level 0.2 Throwing
 + Level 4.4 Armour
 + Level 2.4 Dodging
 + Level 0.2 Stealth
 + Level 0.2 Shields
 + Level 0.2 Unarmed Combat
 + Level 0.2 Spellcasting
 + Level 0.1 Conjurations
 + Level 0.1 Hexes
 + Level 0.1 Summonings
 + Level 0.1 Necromancy
 + Level 0.1 Translocations
 + Level 0.1 Transmutations
 + Level 0.1 Fire Magic
 + Level 0.1 Ice Magic
 + Level 0.1 Air Magic
 + Level 0.1 Earth Magic
 + Level 0.1 Poison Magic
 + Level 0.3 Invocations
 + Level 0.2 Evocations


You couldn't memorise any spells.
You didn't know any spells.
Your spell library was empty.

Dungeon Overview and Level Annotations

Branches:
Dungeon (1/15)

Altars:


Innate Abilities, Weirdness & Mutations

You have very sharp teeth.
Your uncanny sense of smell can sniff out nearby items.
Your experience applies equally to all skills.
You expend magic power (3 MP) to strengthen your wands.


Message History

You open the door.
There is an open door here.
Found a stone staircase leading down.
There is a stone staircase leading down here.
A bat comes into view.
A bat is nearby!
The bat misses you.
You closely miss the bat. Your bite misses the bat.
The bat hits you but does no damage. x2; The bat closely misses you.
You miss the bat. The bat barely misses you. The bat completely misses you.
The bat closely misses you. The bat completely misses you.
You closely miss the bat. The bat hits you but does no damage.
You barely miss the bat. The bat hits you but does no damage.
The bat misses you.
You hit the bat.
You kill the bat!
No target in view!
f - 2 scrolls labelled BAOSYA HUBUZEM (gained 1) "Time to have some fun!"
A chaos spawn is nearby!
You barely miss the chaos spawn. The chaos spawn hits you!
You feel agile all of a sudden.
Xom is interested.
Xom is amused.
You hit the chaos spawn.
Space warps horribly around the chaos spawn!
The chaos spawn is heavily wounded.
The chaos spawn completely misses you.
You hit the chaos spawn but do no damage.
The chaos spawn is heavily wounded.
The chaos spawn closely misses you.
You hit the chaos spawn. You burn the chaos spawn.
The chaos spawn is heavily wounded.
The chaos spawn hits you but does no damage.
You hit the chaos spawn but do no damage.
The chaos spawn is heavily wounded.
The chaos spawn hits you!
Ouch! That really hurt!
You die... "It's all fun and games until someone loses an eye."

.....# #.# ...### #.#
#.# #.# #.# ########.#
.........#
##################..#
.......@4........#..#
.###############.#..####
#.#...... #....####
###..# ####


You could see a chaos spawn (summoned).

Vanquished Creatures
  A bat (D:1)
  A goblin (D:1)
  A quokka (D:1)
  2 ball pythons (D:1)
5 creatures vanquished.

Notes
Turn   | Place    | Note
-------+----------+-------------------------------------------
     0 | D:1      | kingofthe the Gnoll Chaos Knight began the quest for the
                  | Orb.
     0 | D:1      | Reached XP level 1. HP: 23/23 MP: 1/1
    90 | D:1      | XOM: potion effect (brilliance)
   204 | D:1      | XOM: give mutation
   204 | D:1      | Gained mutation: You expend magic power (3 MP) to
                  | strengthen your wands. [Xom's mischief]
   537 | D:1      | XOM: summons 1 hostile demon
   538 | D:1      | Noticed a chaos spawn
   542 | D:1      | Slain by a chaos spawn

Illustrated notes

Levels and vault maps discovered:
D:1:      amcnicky_arrival_flooded_fountain, layout_basic

Action                   || total
-------------------------++-------
Melee: Hand axe          ||    19
Armor: Leather armour    ||     6
Dodge: Dodged            ||    17
